AAA E
ROCHESTER RED WINGS @ NORFOLK TIDES
07/13/2030
 
TOP OF THE 1ST
Rochester Red Wings batting - Pitching for Norfolk Tides : RHP Yohanse Morel
Pitching: RHP Yohanse Morel
Batting: RHB Josh Nix 0-0: Ball
1-0: Ball
2-0: Ball
3-0: Called Strike
3-1: Foul Ball, location: 7LDF
3-2: Foul Ball, location: 25F
3-2: Foul Ball, location: 5SF
3-2: Foul Ball, location: 9LSF
3-2: Fly out, F7 (Line Drive, 7LM, EV 88.1 MPH)
Batting: RHB Tyler Frank 0-0: Called Strike
0-1: Ball
1-1: Fly out, F9 (Flyball, 9S, EV 75.6 MPH)
Batting: RHB Steve Benson 0-0: Ball
1-0: Foul Ball, location: 2F
1-1: Foul Ball, location: 5DF
1-2: Ball
2-2: Ball
3-2: Strikes out swinging
Top of the 1st over - 0 runs, 0 hits, 0 errors, 0 left on base; Rochester 0 - Norfolk 0
BOTTOM OF THE 1ST
Norfolk Tides batting - Pitching for Rochester Red Wings : LHP Josh Fleming
Pitching: LHP Josh Fleming
Batting: RHB Chad Bisel 0-0: Swinging Strike
0-1: Ball
1-1: Foul Ball, location: 9LDF
1-2: Ball
2-2: Ball
3-2: Base on Balls
Batting: RHB Marco Medellin 0-0: Called Strike
0-1: Ball
1-1: Ball
2-1: Ball
3-1: Bunt missed!
3-2: Fly out, F4 (Popup, 4, EV 37.5 MPH)
Batting: RHB Jose Palacios 0-0: Foul Ball, location: 9LDF
0-1: Ball
1-1: Foul Ball, location: 2F
1-2: 2-RUN HOME RUN (Line Drive, 7D, EV 101.9 MPH), Distance : 389 ft
Batting: RHB Mike Cosentino 0-0: Ball
1-0: SINGLE (Groundball, 56, EV 110.6 MPH)
Batting: RHB Jose Jaramillo 0-0: Ball
1-0: Called Strike
1-1: Foul Ball, location: 5F
1-2: SINGLE (Line Drive, 9S, EV 88.8 MPH)
Mike Cosentino to second
Batting: RHB Josh St. Louis 0-0: SINGLE (Groundball, 6M, EV 100.6 MPH) (infield hit)
Mike Cosentino to third
Jose Jaramillo to second
Batting: RHB Danny Mendez 0-0: Foul Ball, location: 2F
0-1: Called Strike
0-2: Strikes out looking
Batting: RHB Marco Flores 0-0: Ball
1-0: Called Strike
1-1: Swinging Strike
1-2: Foul Ball, location: 9LSF
1-2: SINGLE (Groundball, 6MD, EV 103.8 MPH)
Mike Cosentino scores
Jose Jaramillo to third
Josh St. Louis to second
Runner from 3rd tries for Home, SAFE, throw by CF to home
Batting: SHB Randy Manderville 0-0: Called Strike
0-1: Called Strike
0-2: Strikes out swinging
Bottom of the 1st over - 4 runs, 5 hits, 0 errors, 2 left on base; Rochester 0 - Norfolk 4
TOP OF THE 2ND
Rochester Red Wings batting - Pitching for Norfolk Tides : RHP Yohanse Morel
Batting: LHB Greg Hohenberger 0-0: Ball
1-0: Called Strike
1-1: Ball
2-1: Called Strike
2-2: Strikes out swinging
Batting: SHB Gabe Hinton 0-0: Ball
1-0: Foul Ball, location: 2F
1-1: Fly out, F6 (Popup, 4M, EV 73.1 MPH)
Batting: LHB Jeff Hellyer 0-0: Ground out 6-3 (Groundball, 6, EV 90.0 MPH)
Top of the 2nd over - 0 runs, 0 hits, 0 errors, 0 left on base; Rochester 0 - Norfolk 4
BOTTOM OF THE 2ND
Norfolk Tides batting - Pitching for Rochester Red Wings : LHP Josh Fleming
Batting: RHB Chad Bisel 0-0: Ball
1-0: Called Strike
1-1: Foul Ball, location: 9LMF
1-2: Ball
2-2: Ball
3-2: Foul Ball, location: 2F
3-2: Ground out 4-3 (Groundball, 34D, EV 97.5 MPH)
Batting: RHB Marco Medellin 0-0: Ball
1-0: SINGLE (Groundball, 4MD, EV 95.6 MPH)
Batting: RHB Jose Palacios 0-0: Fly out, F8 (Flyball, 8RD, EV 108.8 MPH)
Batting: RHB Mike Cosentino 0-0: SINGLE (Line Drive, 78S, EV 104.4 MPH)
Marco Medellin to second
Batting: RHB Jose Jaramillo 0-0: Hit by Pitch
Marco Medellin to third
Mike Cosentino to second
Batting: RHB Josh St. Louis 0-0: GRAND SLAM HOME RUN (Flyball, 7D, EV 98.8 MPH), Distance : 379 ft
Batting: RHB Danny Mendez 0-0: Ball
1-0: Called Strike
1-1: Ball
2-1: Fly out, F9 (Flyball, 9D, EV 97.5 MPH)
Bottom of the 2nd over - 4 runs, 3 hits, 0 errors, 0 left on base; Rochester 0 - Norfolk 8
TOP OF THE 3RD
Rochester Red Wings batting - Pitching for Norfolk Tides : RHP Yohanse Morel
Batting: RHB Steve Nichols 0-0: Called Strike
0-1: Ball
1-1: Called Strike
1-2: Ground out 4-3 (Groundball, 4MD, EV 100.0 MPH)
Batting: RHB Bobby Bussiere 0-0: Ball
1-0: Ball
2-0: Fly out, F5 (Popup, 5SF, EV 83.1 MPH)
Batting: RHB Pat Levin 0-0: Ball
1-0: Foul Ball, location: 2F
1-1: Ground out 6-3 (Groundball, 56D, EV 100.0 MPH)
Top of the 3rd over - 0 runs, 0 hits, 0 errors, 0 left on base; Rochester 0 - Norfolk 8
BOTTOM OF THE 3RD
Norfolk Tides batting - Pitching for Rochester Red Wings : LHP Josh Fleming
Batting: RHB Marco Flores 0-0: Ground out 5-3 (Groundball, 56, EV 102.5 MPH)
Batting: SHB Randy Manderville 0-0: Ball
1-0: Ground out 6-3 (Groundball, 6, EV 103.8 MPH)
Batting: RHB Chad Bisel 0-0: Ball
1-0: Swinging Strike
1-1: Swinging Strike
1-2: Ball
2-2: Foul Ball, location: 2F
2-2: Ground out 6-3 (Groundball, P, EV 81.9 MPH)
Bottom of the 3rd over - 0 runs, 0 hits, 0 errors, 0 left on base; Rochester 0 - Norfolk 8
TOP OF THE 4TH
Rochester Red Wings batting - Pitching for Norfolk Tides : RHP Yohanse Morel
Batting: RHB Josh Nix 0-0: Ball
1-0: Ball
2-0: Foul Ball, location: 7LSF
2-1: Hit by Pitch
Batting: RHB Tyler Frank 0-0: Ball
1-0: Foul Ball, location: 9LSF
1-1: Foul Ball, location: 9LDF
1-2: Foul Ball, location: 2F
1-2: Ball
2-2: Ball
3-2: Strikes out swinging
Batting: RHB Steve Benson 0-0: Called Strike
Josh Nix steals 2nd base
0-1: Foul Ball, location: 25F
0-2: Ground out 5-3 (Groundball, 56S, EV 80.0 MPH)
Batting: LHB Greg Hohenberger 0-0: Called Strike
0-1: Foul Ball, location: 2F
0-2: Ground out 1-3 (Groundball, 13S, EV 70.0 MPH)
Top of the 4th over - 0 runs, 0 hits, 0 errors, 1 left on base; Rochester 0 - Norfolk 8
BOTTOM OF THE 4TH
Norfolk Tides batting - Pitching for Rochester Red Wings : LHP Josh Fleming
Pitching: LHP Tim Anderson
Batting: RHB Marco Medellin 0-0: Ball
1-0: Ball
2-0: Ball
3-0: Base on Balls
Batting: RHB Jose Palacios 0-0: Swinging Strike
0-1: Ball
1-1: Ball
2-1: Foul Ball, location: 2F
2-2: Foul Ball, location: 2F
2-2: Grounds into double play, 3-6-3 (Groundball, 3, EV 81.3 MPH)
Batting: RHB Mike Cosentino 0-0: Fly out, F9 (Flyball, 9LSF, EV 88.8 MPH)
Bottom of the 4th over - 0 runs, 0 hits, 0 errors, 0 left on base; Rochester 0 - Norfolk 8
TOP OF THE 5TH
Rochester Red Wings batting - Pitching for Norfolk Tides : RHP Yohanse Morel
Batting: SHB Gabe Hinton 0-0: Swinging Strike
0-1: Ground out 4-3 (Groundball, 4, EV 105.0 MPH)
Batting: LHB Jeff Hellyer 0-0: Swinging Strike
0-1: Foul Ball, location: 2F
0-2: Ball
1-2: Foul Ball, location: 7LSF
1-2: Foul Ball, location: 5FF
1-2: Foul Ball, location: 2F
1-2: Strikes out swinging
Batting: RHB Steve Nichols 0-0: Called Strike
0-1: Foul Ball, location: 9LDF
0-2: Ground out 4-3 (Groundball, 4, EV 85.6 MPH)
Top of the 5th over - 0 runs, 0 hits, 0 errors, 0 left on base; Rochester 0 - Norfolk 8
BOTTOM OF THE 5TH
Norfolk Tides batting - Pitching for Rochester Red Wings : LHP Tim Anderson
Batting: RHB Jose Jaramillo 0-0: Called Strike
0-1: Foul Ball, location: 2F
0-2: Ball
1-2: Fly out, F9 (Flyball, 89D, EV 83.1 MPH)
Batting: RHB Josh St. Louis 0-0: Called Strike
0-1: Fly out, F9 (Flyball, 9D, EV 106.3 MPH)
Batting: RHB Danny Mendez 0-0: Swinging Strike
0-1: Swinging Strike
0-2: Foul Ball, location: 5F
0-2: Strikes out swinging
Bottom of the 5th over - 0 runs, 0 hits, 0 errors, 0 left on base; Rochester 0 - Norfolk 8
TOP OF THE 6TH
Rochester Red Wings batting - Pitching for Norfolk Tides : RHP Yohanse Morel
Batting: RHB Bobby Bussiere 0-0: Swinging Strike
0-1: Fly out, F9 (Flyball, 9, EV 83.1 MPH)
Batting: RHB Pat Levin 0-0: Ball
1-0: Foul Ball, location: 2LF
1-1: Ball
2-1: Foul Ball, location: 2F
2-2: Strikes out swinging
Batting: RHB Josh Nix 0-0: Called Strike
0-1: Ground out 5-3 (Groundball, 5D, EV 85.0 MPH)
Top of the 6th over - 0 runs, 0 hits, 0 errors, 0 left on base; Rochester 0 - Norfolk 8
BOTTOM OF THE 6TH
Norfolk Tides batting - Pitching for Rochester Red Wings : LHP Tim Anderson
Batting: RHB Marco Flores 0-0: Foul Ball, location: 7LSF
0-1: Fly out, F8 (Flyball, 8LM, EV 91.9 MPH)
Batting: SHB Randy Manderville 0-0: Ball
1-0: Fly out, F8 (Flyball, 89M, EV 98.8 MPH)
Batting: RHB Chad Bisel 0-0: Ball
1-0: Ball
2-0: Foul Ball, location: 25FF
2-1: Called Strike
2-2: Ball
3-2: Base on Balls
Batting: RHB Marco Medellin 0-0: Fielders Choice at 2nd, 5-4 (Groundball, 5, EV 81.9 MPH)
Bottom of the 6th over - 0 runs, 0 hits, 0 errors, 1 left on base; Rochester 0 - Norfolk 8
TOP OF THE 7TH
Rochester Red Wings batting - Pitching for Norfolk Tides : RHP Yohanse Morel
Batting: RHB Tyler Frank 0-0: Called Strike
0-1: Ball
1-1: Ball
2-1: SINGLE (Groundball, 4M, EV 98.1 MPH) (infield hit)
Batting: RHB Steve Benson 0-0: SINGLE (Groundball, 56D, EV 95.0 MPH)
Tyler Frank to second
Batting: LHB Greg Hohenberger 0-0: Foul Ball, location: 2F
0-1: Ball
1-1: Ball
2-1: Called Strike
2-2: Ball
3-2: Foul Ball, location: 23FF
3-2: Strikes out swinging
Batting: SHB Gabe Hinton 0-0: Fly out, F6 (Popup, 6S, EV 84.4 MPH)
Batting: LHB Jeff Hellyer 0-0: Ball
1-0: Ball
2-0: Called Strike
2-1: Ball
3-1: SINGLE (Groundball, 56D, EV 100.0 MPH)
Tyler Frank to third
Steve Benson to second
Runner from 3rd tries for Home, SAFE, throw by LF to home
Batting: RHB Steve Nichols 0-0: Ball
1-0: Ball
2-0: Ball
3-0: Base on Balls
Steve Benson to third
Jeff Hellyer to second
Pitching: RHP Jose Mondragon
Batting: RHB Bobby Bussiere 0-0: Fielders Choice at 2nd, 6-4 (Groundball, 6, EV 78.8 MPH)
Top of the 7th over - 1 run, 3 hits, 0 errors, 3 left on base; Rochester 1 - Norfolk 8
BOTTOM OF THE 7TH
Norfolk Tides batting - Pitching for Rochester Red Wings : LHP Tim Anderson
Batting: RHB Jose Palacios 0-0: Foul Ball, location: 9LSF
0-1: Swinging Strike
0-2: Strikes out swinging
Pitching: LHP Chris Harrison
Batting: RHB Mike Cosentino 0-0: Ball
1-0: Ball
2-0: Fly out, F9 (Flyball, 89D, EV 92.5 MPH)
Batting: RHB Jose Jaramillo 0-0: Ground out 6-3 (Groundball, 6S, EV 87.5 MPH)
Bottom of the 7th over - 0 runs, 0 hits, 0 errors, 0 left on base; Rochester 1 - Norfolk 8
TOP OF THE 8TH
Rochester Red Wings batting - Pitching for Norfolk Tides : RHP Jose Mondragon
Batting: RHB Pat Levin 0-0: Called Strike
0-1: Swinging Strike
0-2: Ball
1-2: Ball
2-2: Ball
3-2: Base on Balls
Batting: RHB Josh Nix 0-0: Called Strike
0-1: Ball
1-1: Ball
2-1: Fly out, F7 (Flyball, 78M, EV 88.8 MPH)
Batting: RHB Tyler Frank 0-0: Ball
1-0: SINGLE (Line Drive, 6M, EV 95.0 MPH)
Pat Levin to second
Batting: RHB Steve Benson 0-0: Ball
1-0: Foul Ball, location: 9LMF
1-1: Grounds into double play, 6-4-3 (Groundball, 6, EV 88.1 MPH)
Top of the 8th over - 0 runs, 1 hit, 0 errors, 1 left on base; Rochester 1 - Norfolk 8
BOTTOM OF THE 8TH
Norfolk Tides batting - Pitching for Rochester Red Wings : LHP Chris Harrison
Batting: RHB Josh St. Louis 0-0: Ball
1-0: Foul Ball, location: 5FF
1-1: Foul Ball, location: 2LF
1-2: Ball
2-2: Strikes out swinging
Batting: RHB Danny Mendez 0-0: Ball
1-0: Called Strike
1-1: Foul Ball, location: 2F
1-2: Ball
2-2: Ball
3-2: Strikes out swinging
Batting: RHB Marco Flores 0-0: Ball
1-0: Foul Ball, location: 7LMF
1-1: Ball
2-1: Foul Ball, location: 2F
2-2: Foul Ball, location: 2F
2-2: Foul Ball, location: 2F
2-2: Foul Ball, location: 2F
2-2: Ball
3-2: Foul Ball, location: 5F
3-2: Fly out, F7 (Flyball, 78M, EV 93.8 MPH)
Bottom of the 8th over - 0 runs, 0 hits, 0 errors, 0 left on base; Rochester 1 - Norfolk 8
TOP OF THE 9TH
Rochester Red Wings batting - Pitching for Norfolk Tides : RHP Jose Mondragon
Batting: LHB Greg Hohenberger 0-0: Fly out, F8 (Flyball, 8RM, EV 94.4 MPH)
Batting: SHB Gabe Hinton 0-0: Called Strike
0-1: Fly out, F5 (Popup, 56S, EV 81.3 MPH)
Batting: LHB Jeff Hellyer 0-0: Fly out, F7 (Line Drive, 7LS, EV 86.3 MPH)
Top of the 9th over - 0 runs, 0 hits, 0 errors, 0 left on base; Rochester 1 - Norfolk 8
Friday, March 29th , 2024 - OOTP Baseball 24.7 Build 72